 Dungeon Crawl Stone Soup version 0.30-a0-424-g7412bad402 (webtiles) character file.

Game seed: 14593512894109045202

446 AigisTheKnight the Trooper (level 7, 0/42 (44) HPs)
             Began as a Tengu Fire Elementalist on Dec 10, 2022.
             Slain by a necrophage (2 damage)
             ... on level 5 of the Dungeon.
             The game lasted 00:07:09 (4890 turns).

AigisTheKnight the Trooper (TeFE)                   Turns: 4890, Time: 00:07:09

HP:   0/42 (44)     AC:  2    Str:  9    XL:     7   Next: 3%
MP:   0/11          EV: 14    Int: 17    God:
Gold: 192           SH:  0    Dex: 14    Spells: 7/10 levels left

rFire   . . .      SeeInvis .    d - +2 whip (freeze)
rCold   . . .      Faith    .    (no shield)
rNeg    . . .      Spirit   .    a - +0 robe
rPois   .          Reflect  .    (helmet restricted)
rElec   .          Harm     .    (no cloak)
rCorr   .          Rampage  .    (no gloves)
Will    .....                    (boots unavailable)
Stlth   ++........               h - amulet of the acrobat
HPRegen 0.27/turn                (no ring)
MPRegen 0.12/turn                (no ring)

@: flying quickly and evasively, very slightly contaminated, lightly drained,
quick
A: beak, talons 3, nimble flight
a: no special abilities


You were on level 5 of the Dungeon.
You visited 1 branch of the dungeon, and saw 5 of its levels.

You collected 192 gold pieces.

Inventory:

Hand Weapons
 d - a +2 whip of freezing (weapon)
 w - a +5 dagger
Armour
 a - a +0 robe (worn)
Magical Staves
 m - a staff of air
 q - a staff of conjuration
Jewellery
 h - an amulet of the acrobat (around neck)
 u - an amulet of faith
Wands
 x - a wand of paralysis (7)
Scrolls
 c - a scroll of butterflies {unknown}
 e - 8 scrolls of identify {unknown}
 g - a scroll of summoning {unknown}
 j - a scroll of fear {unknown}
 k - a scroll of teleportation {unknown}
 p - a scroll of enchant armour {unknown}
 r - 2 scrolls of amnesia {unknown}
 t - a scroll of vulnerability {unknown}
 v - a scroll of poison {unknown}
 y - 2 scrolls of magic mapping {unknown}
 z - a scroll of acquirement {unknown}
Potions
 b - a potion of magic
 f - 3 potions of might
 i - 3 potions of degeneration {unknown}
 l - 4 potions of curing {unknown}
 n - a potion of heal wounds {unknown}
 o - 3 potions of mutation {unknown}
 s - a potion of brilliance {unknown}


   Skills:
 * Level 5.6 Fighting
 - Level 2.1 Dodging
 - Level 2.0 Stealth
 - Level 2.0 Spellcasting
 - Level 1.3 Conjurations
 + Level 5.5 Fire Magic


You had 7 spell levels left.
You knew the following spells:

 Your Spells              Type           Power      Damage    Failure   Level
a - Foxfire               Conj/Fire      52%        2x1d6     4%          1
b - Scorch                Fire           40%        2d7       3%          2

Your spell library contained the following spells:

 Spells                   Type           Power      Damage    Failure   Level
 Inner Flame              Hex/Fire       11%        N/A       19%         3
 Kindle Blastsparks       Fire/Tloc/Air  14%        2d11      26%         3
 Flame Wave               Conj/Fire      13%        2d6       43%         4
 Ozocubu's Armour         Ice            1%         N/A       50%         3
 Ozocubu's Refrigeration  Ice            0%         4d7       100%        7


Dungeon Overview and Level Annotations

Branches:
Dungeon (5/15)
 Temple: D:4-7

Altars:
Elyvilon
Nemelex Xobeh
Qazlal
Vehumet

Shops:
D:4 =

Portals:
Ossuary: D:5

Annotations:
D:4 exclusion: statue


Innate Abilities, Weirdness & Mutations

You have a beak for a mouth.
You have claws for feet.
Your magical nature lets you fly swiftly and evasively.


Message History

Unknown command.
Casting: Foxfire (safe; 4% risk of failure)
Confirm with . or Enter, or press ? or * to list all spells.
You conjure some foxfire!
The hound bites you.
* * * LOW HITPOINT WARNING * * *
The necrophage hits you.
* * * LOW HITPOINT WARNING * * *
You feel drained.
* * * LOW HITPOINT WARNING * * *
The hound closely misses you.
Casting: Foxfire (safe; 4% risk of failure)
Confirm with . or Enter, or press ? or * to list all spells.
You miscast Foxfire.
You are very lightly contaminated with residual magic.
Nothing appears to happen.
The foxfire hits the mummy but does no damage.
The mummy is moderately damaged.
The foxfire hits the mummy.
The mummy is moderately damaged.
The hound barely misses you. The mummy barely misses you.
The necrophage closely misses you.
You closely miss the mummy. Your kick misses the mummy.
The mummy is moderately damaged.
The hound completely misses you. The necrophage barely misses you.
The hound bites you.
* * * LOW HITPOINT WARNING * * *
Unknown command.
Casting: Foxfire (safe; 4% risk of failure)
Confirm with . or Enter, or press ? or * to list all spells.
You conjure some foxfire!
The hound closely misses you. The mummy hits you but does no damage.
The necrophage misses you.
Unknown command.
You barely miss the mummy. You peck the mummy, but do no damage.
The mummy is moderately damaged.
The foxfire hits the mummy.
The mummy is burned terribly!
The mummy is heavily damaged.
The foxfire hits the mummy but does no damage.
The mummy is heavily damaged.
The hound closely misses you. The necrophage hits you.
You die...

##### ########...##
.......†.#..# #. ##
#####..##..# .. .?
##.n###..# #
#..###.###..##.#..#.#...
#.......<..##..#........
#.####.#..##M@h'....!...
####.####.#...##.n#..[....^
..........#.#.h##.#.....###
....l.<.....##..###.....#
####)########...n##.....#
#. #.##..#./##... .. .?.
##)...# .## ##.
..........## # .>
########.#.#


You could see a necrophage, a mummy and a hound.

Vanquished Creatures
  A phantom (D:5)
  2 hounds (D:5)
  An orc priest (D:4)
  2 iguanas (D:4)
  3 orc wizards
  An adder (D:3)
  6 gnolls
  A worm (D:3)
  3 dart slugs
  12 orcs
  5 ball pythons
  4 endoplasms
  3 giant cockroaches
  3 goblins
  8 hobgoblins
  4 quokkas
  4 bats
  A frilled lizard (D:2)
  5 kobolds
  10 rats
79 creatures vanquished.

Vanquished Creatures (others)
  358 foxfires
358 creatures vanquished.

Grand Total: 437 creatures vanquished

Notes
Turn   | Place    | Note
-------+----------+-------------------------------------------
     0 | D:1      | AigisTheKnight the Tengu Fire Elementalist began the quest
                  | for the Orb.
     0 | D:1      | Reached XP level 1. HP: 10/10 MP: 4/4
   523 | D:1      | Reached skill level 1 in Fighting
   591 | D:1      | Reached XP level 2. HP: 16/16 MP: 6/6
  1135 | D:2      | Reached XP level 3. HP: 12/21 MP: 1/7
  1732 | D:2      | Found a sparkling altar of Nemelex Xobeh.
  1937 | D:2      | Reached XP level 4. HP: 26/27 MP: 8/8
  2126 | D:3      | Found a stormy altar of Qazlal.
  3316 | D:4      | Found Xeofif's Jewellery Shop.
  3356 | D:4      | Gained mutation: Your magical nature lets you fly swiftly
                  | and evasively. [Tengu growth]
  3356 | D:4      | Reached XP level 5. HP: 33/33 MP: 1/9
  3494 | D:4      | Learned a level 2 spell: Scorch
  3826 | D:4      | Found a radiant altar of Vehumet.
  3884 | D:4      | Found a white marble altar of Elyvilon.
  4295 | D:4      | Noticed a charred statue
  4306 | D:4      | Reached XP level 6. HP: 39/39 MP: 1/10
  4388 | D:5      | Entered Level 5 of the Dungeon
  4398 | D:5      | Reached skill level 5 in Fire Magic
  4447 | D:5      | Reached skill level 5 in Fighting
  4458 | D:5      | HP: 1/40 [orc priest/nerve-wracking pain (10)]
  4875 | D:5      | Reached XP level 7. HP: 23/44 MP: 1/11
  4881 | D:5      | Found a sand-covered staircase.
  4886 | D:5      | HP: 2/42 [necrophage (1)]
  4890 | D:5      | Slain by a necrophage

Illustrated notes

Levels and vault maps discovered:
D:1:      grunt_arrival_lava_bath, layout_basic
D:2:      minmay_diamond_boxcup, layout_basic, basic_altar,
          minmay_misc_feat_four_crosses, st_stairs_13
D:3:      layout_basic, nicolae_qazlal_scattered_showers, serial_curves,
          eino_curves_02, eino_curves_01, hangedman_feature_mirror
D:4:      layout_basic, vehumet_statue, elyvilon_altar_5, serial_shops,
          nicolae_stop_n_shop_2
D:5:      layout_loops_ring, tso_altar, mainiacjoe_overflow_divided_tiny,
          minmay_temple_entry_poolview, gup_ossuary_entry_pyramid, minmay_holes

Skill      XL: |  1  2  3  4  5  6 |
---------------+-------------------+-----
Fighting       | 1 2 3 4 5 |  5.6
Fire Magic     | 4 5 |  5.5
Dodging        | |  2.1
Stealth        | |  2.0
Spellcasting   | |  2.0
Conjurations   | |  1.3

Action                   |  1- 3 |  4- 6 |  7- 9 || total
-------------------------+-------+-------+-------++-------
Melee: Whip              |     9 |    53 |     3 ||    65
       Peck              |     2 |    14 |     1 ||    17
       Kick              |     2 |    17 |       ||    19
       Punch             |       |     1 |       ||     1
 Cast: Foxfire           |    74 |   148 |     2 ||   224
Evoke: Wand              |       |     1 |       ||     1
 Stab: Sleeping          |     1 |       |       ||     1
       Paralysed         |       |     6 |       ||     6
Armor: Robe              |       |    10 |     2 ||    12
Dodge: Dodged            |     5 |    47 |    17 ||    69

Table legend: (Time is in decaauts)
 A = Elapsed time spent in this place.
 B = Non-inter-level travel time spent in this place.
 C = Inter-level travel time spent in this place.
 D = Time resting spent in this place.
 E = Time spent auto-exploring this place.
 F = Levels seen in this place.
 G = Mean time per level.
                   A        B        C        D        E       F      G
               +--------+--------+--------+--------+--------+-----+--------+
         Total |   4816 |   4645 |    171 |    336 |   3642 |   5 |  963.2 |
       Dungeon |   4816 |   4645 |    171 |    336 |   3642 |   5 |  963.2 |
               +--------+--------+--------+--------+--------+-----+--------+

Top non-repeatable levels by time:
     D:4: 1510 daAuts
     D:2: 1092 daAuts
     D:3: 1075 daAuts
     D:1: 1034 daAuts
     D:5: 103 daAuts
